Map: Lightshade LE

Players

Denver

  • Race: Zerg Zerg

Elazer - Winner!

  • Race: Zerg Zerg

Event: DreamHack SC2 Masters 2021 Winter

VOD

Have the link to the VOD?

Description

Time

  • Played on: Oct. 8, 2021, 1:30 p.m.
  • Length: 5:28

All games in this series

Show
View Real Time Build Order
Export as new Build Order

Denver Zerg 

Build Orders: Hatch First 

Get SALT Encoding   

  12  0:00  Drone  
  13  0:12  Overlord  
  13  0:16  Drone  
  14  0:30  Drone x2  
  16  0:47  Hatchery  
  15  0:51  Drone  
  15  0:54  Drone  
  17  0:58  Drone  
  18  1:08  Extractor  
  17  1:14  Spawning Pool  
  17  1:17  Drone  
  17  1:20  Drone  
  18  1:28  Drone  
  19  1:38  Drone  
  20  1:49  Hatchery  
  20  1:54  Drone  
  20  2:02  Queen  
  20  2:06  Drone  
  23  2:13  Drone  
  24  2:17  Drone  
  24  2:19  Overlord  
  25  2:24  Drone  
  26  2:31  Queen  
  28  2:39  Drone x2  
  28  2:43  Drone  
  31  2:45  Overlord  
  31  2:51  Drone  
  31  2:56  Roach Warren  
  31  2:59  Metabolic Boost  
  31  3:05  Queen  
  31  3:10  Zergling x2  
  31  3:12  Drone x2  
  36  3:16  Overlord  
  36  3:36  Roach x3  
  36  3:40  Roach x3  
  48  3:45  Roach  
  48  3:46  Roach x2  
  48  3:47  Roach  
  56  3:51  Overlord  
  56  3:55  Roach  
  58  4:06  Overlord  
  58  4:13  Roach x2  
  62  4:18  Zergling x2  
  62  4:19  Zergling x6  
  62  4:20  Overlord  
  66  4:29  Zergling x4  
  67  4:36  Zergling x2  
  67  4:37  Zergling x8  
  70  4:45  Zergling x2, Queen  
  67  4:52  Zergling x8  
  72  4:58  Zergling x8  
  71  5:00  Zergling x6  
Show
View Real Time Build Order
Export as new Build Order

Elazer Zerg - Winner!

Build Orders: Hatch First 

Get SALT Encoding   

  12  0:00  Drone  
  13  0:12  Overlord  
  13  0:16  Drone  
  14  0:30  Drone x2  
  16  0:46  Hatchery  
  15  0:50  Drone  
  15  0:54  Drone  
  15  0:57  Drone  
  18  1:08  Extractor  
  17  1:12  Spawning Pool  
  17  1:15  Drone  
  17  1:18  Drone  
  18  1:28  Drone  
  19  1:38  Drone  
  20  1:49  Drone  
  21  1:58  Queen  
  21  1:59  Drone, Queen  
  21  2:00  Overlord  
  26  2:10  Drone x2  
  28  2:20  Drone  
  28  2:21  Drone  
  30  2:34  Drone x2, Queen, Evolution Chamber  
  30  2:35  Lair  
  33  2:43  Drone x2  
  35  2:50  Roach Warren  
  34  2:54  Overlord  
  34  2:55  Drone  
  35  3:01  Zerg Missile Weapons Level 1  
  35  3:03  Drone  
  36  3:13  Drone x6  
  36  3:14  Drone  
  43  3:21  Drone  
  43  3:26  Overlord  
  44  3:27  Extractor x2  
  44  3:32  Glial Reconstitution  
  42  3:39  Drone x3, Evolution Chamber  
  44  3:44  Drone x2  
  44  3:46  Drone  
  44  3:47  Overlord  
  47  3:52  Overlord  
  47  3:56  Roach  
  47  3:57  Roach  
  51  4:04  Overlord  
  51  4:05  Overlord  
  51  4:12  Roach  
  51  4:13  Roach x4  
  61  4:18  Overlord  
  61  4:23  Roach  
  61  4:24  Roach x2  
  67  4:31  Roach  
  69  4:36  Overlord  
  69  4:38  Roach  
  71  4:44  Roach x2  
  73  4:51  Roach x6  
  85  4:58  Roach  
  83  5:00  Roach Warren  
  83  5:03  Roach  

Tags
 
Add a new tag
Caveats
  • Supply blocks, unpowered buildings, or Contaminate may cause inaccurate times.
  • Supply counts are checked every 10 seconds.